Cogmind - Beta 13 --- EXPLORER MODE // 2024.04.06 @ 17:44:11 Player: Soimafreak Result: Core destroyed Performance ------------- Evolutions (8) 4000 Regions Visited (13) 2600 Robots Destroyed (82) 410 Value Destroyed (3638) 3638 Prototype IDs (27) 540 Alien Tech Used (0) 0 Bonus (800) 800 TOTAL SCORE: 11988 Bonus ------- Aligned with FarCom 300 Scanned by Researcher 500 Cogmind --------- Core Integrity 0/1450 Matter 192/400 Energy 522/530 System Corruption 0% Temperature Critical (620) Movement Walking (260) Ox2 Location -2/Testing Parts ------- > --- POWER (3) -------- Quantum Reactor Light Quantum Reactor Light Quantum Reactor > --- PROPULSION (5) --- Carbon-fiber Leg Flexi-carbon Leg Flexi-carbon Leg Flexi-carbon Leg Myomer Leg > --- UTILITY (11) ----- Large Storage Unit Medium Matter Pod Improved Sensor Array Advanced Targeting Computer Launcher Guidance Computer Launcher Guidance Computer Advanced Target Analyzer ECM Suite Improved Remote Force Field Point Defense System > --- WEAPON (5) ------- Improved Arc Projector Thermic Laser Firepult Linear Accelerator > --- INVENTORY (15) --- Antimatter Reactor Light Antimatter Reactor Railgun Flak Cannon Heavy Missile Launcher Precision Rocket Launcher Micro-nuke Launcher Spear Peak State ------------ > --- POWER ------------ Quantum Reactor Light Quantum Reactor Light Quantum Reactor > --- PROPULSION ------- Carbon-fiber Leg Flexi-carbon Leg Flexi-carbon Leg Flexi-carbon Leg Myomer Leg > --- UTILITY ---------- Large Storage Unit Medium Matter Pod Improved Sensor Array Advanced Targeting Computer Launcher Guidance Computer Launcher Guidance Computer Advanced Target Analyzer ECM Suite Improved Remote Force Field Point Defense System > --- WEAPON ----------- Improved Arc Projector Thermic Laser Firepult Linear Accelerator > --- INVENTORY -------- Antimatter Reactor Light Antimatter Reactor Railgun Flak Cannon Heavy Missile Launcher Precision Rocket Launcher Micro-nuke Launcher Spear [Rating: 133] Favorites ----------- Power Light Nuclear Core Engine Light Ion Engine Power Core Light Nuclear Core Reactor Light Antimatter Reactor Propulsion Aluminum Leg Leg Aluminum Leg Utility Large Storage Unit Device Trap Reconfigurator Storage Large Storage Unit Processor Advanced Targeting Computer Protection Utility Shielding Weapon Minigun Energy Gun EM Shotgun Energy Cannon Guided Plasma Cannon Ballistic Gun Minigun Ballistic Cannon Flak Cannon Piercing Weapon Spear Build | -11 -10 -9 -9 -9 -8 -8 -7 -6 -5 -4 -3 -2 -2 ------- Run | Yrd Mat Mat Min Exi Min Mat Fac Fac Fac Fac Res Res Tes Slots Evolved 17 | . 1 2 . . . 2 2 2 2 2 2 2 . Power 2 | . . . . . . . . 1 . . . 1 . Propulsion 3 | . . 1 . . . . . 1 . . 1 . . Utility 9 | . 1 1 . . . 2 1 . 1 2 1 . . Weapon 3 | . . . . . . . 1 . 1 . . 1 . Parts Attached 90 | 7 4 3 . . . 11 4 5 9 28 6 6 7 Power 14 | 1 . 1 . . . . 1 1 . 5 . 4 1 Engine 2 | 1 . 1 . . . . . . . . . . . Core 5 | . . . . . . . 1 1 . 3 . . . Reactor 7 | . . . . . . . . . . 2 . 4 1 Propulsion 21 | 2 . 1 . . . 3 . 3 1 5 2 1 3 Treads . | . . . . . . . . . . . . . . Leg 21 | 2 . 1 . . . 3 . 3 1 5 2 1 3 Wheel . | . . . . . . . . . . . . . . Hover . | . . . . . . . . . . . . . . Flight . | . . . . . . . . . . . . . . Utility 27 | 2 2 1 . . . 4 2 . 4 8 2 . 2 Device 13 | . . . . . . 2 2 . 2 5 1 . 1 Storage 3 | 1 1 . . . . . . . . . 1 . . Processor 6 | . . 1 . . . 1 . . 1 2 . . 1 Hackware . | . . . . . . . . . . . . . . Protection 5 | 1 1 . . . . 1 . . 1 1 . . . Artifact . | . . . . . . . . . . . . . . Weapon 28 | 2 2 . . . . 4 1 1 4 10 2 1 1 Energy Gun 7 | 2 . . . . . 2 . . . 1 1 1 . Energy Cannon 5 | . . . . . . . 1 . . 3 . . 1 Ballistic Gun 8 | . 2 . . . . 1 . . 1 4 . . . Ballistic Cannon 5 | . . . . . . . . 1 2 1 1 . . Launcher . | . . . . . . . . . . . . . . Special Weapon . | . . . . . . . . . . . . . . Impact Weapon . | . . . . . . . . . . . . . . Slashing Weapon . | . . . . . . . . . . . . . . Piercing Weapon 3 | . . . . . . 1 . . 1 1 . . . Special Melee Weapon . | . . . . . . . . . . . . . . Unidentified Prototypes . | . . . . . . . . . . . . . . Parts Lost 38 | . 2 . . . . 4 . 1 5 17 2 1 6 Power 5 | . . . . . . . . . . 5 . . . Propulsion 10 | . . . . . . 2 . . . 4 1 . 3 Utility 14 | . . . . . . 1 . . 4 6 . 1 2 Weapon 9 | . 2 . . . . 1 . 1 1 2 1 . 1 Highest Loss Streak 12 | . 1 . . . . 3 . 1 4 12 2 1 6 To Critical Strikes 1 | . . . . . . . . . . . . . 1 Average Slot Usage (%) 95 | . 88 100 100 100 100 95 100 100 95 83 97 99 91 Engine 4 | . 12 10 10 10 10 8 . . . . . . . Core 3 | . . . . . . . 7 12 11 6 . . . Reactor 1 | . . . . . . . . . . 3 9 12 12 Leg 23 | . 25 30 30 30 30 20 21 25 22 18 21 20 19 Device 12 | . . . . . . 16 21 18 17 20 16 16 15 Storage 7 | . 12 10 10 10 10 8 7 6 5 5 9 8 8 Processor 9 | . . 10 10 10 10 8 7 6 8 11 18 15 13 Protection 12 | . 18 20 20 20 20 15 14 12 8 2 4 4 2 Energy Gun 3 | . 14 . . . . 4 7 4 . . 3 8 8 Energy Cannon 1 | . . . . . . . 7 6 1 4 . . . Ballistic Gun 9 | . 6 20 20 20 20 10 7 6 4 4 9 8 5 Ballistic Cannon 2 | . . . . . . . . 1 13 5 4 4 4 Naked Turns . | . . . . . . . . . . . . . . Heaviest Build 135 | 18 28 28 28 28 28 34 47 55 61 81 86 112 135 Greatest Support 110 | 20 20 30 30 30 30 30 36 64 69 80 100 110 110 Greatest Overweight (x) 39 | . 1 . . . . 3 1 1 . 12 . 1 39 Average Overweight (x) . | . . . . . . . 1 . . . . . 1 Largest Inventory Capacity 15 | 10 15 15 15 15 15 15 15 15 15 15 15 15 15 Average Capacity 14 | 8 11 15 15 15 15 15 15 15 15 15 15 15 15 Most Carried 15 | 4 7 11 10 14 14 15 14 15 15 15 14 15 15 Average Carried 11 | . 2 8 10 10 14 13 12 12 13 11 11 12 13 Final Capacity 15 | 10 15 15 15 15 15 15 15 15 15 15 15 15 15 Final Carried 15 | . 7 10 10 14 14 15 13 14 13 13 12 15 8 Class Distribution -------------------- 42% | Hacker-Mutant 36% | Scavenger-Gunner 11% | Hacker-Gunner 7% | Scavenger-Mutant Dominant Class ---------------- Hacker-Mutant | -10/Materials Hacker-Mutant | -9/Materials Hacker-Mutant | -9/Mines Hacker-Mutant | -9/Exiles Hacker-Mutant | -8/Mines Hacker-Mutant | -8/Materials Hacker-Gunner | -7/Factory Scavenger-Gunner | -6/Factory Scavenger-Gunner | -5/Factory Scavenger-Gunner | -4/Factory Scavenger-Gunner | -3/Research Scavenger-Gunner | -2/Research Scavenger-Gunner | -2/Testing Resources | -11 -10 -9 -9 -9 -8 -8 -7 -6 -5 -4 -3 -2 -2 ----------- Run | Yrd Mat Mat Min Exi Min Mat Fac Fac Fac Fac Res Res Tes Matter Collected 2436 | 211 89 123 10 . . 265 58 119 242 512 316 274 217 Remotely . | . . . . . . . . . . . . . . Salvage Created 3602 | . 215 306 . . . 439 162 403 351 702 190 203 631 Parts 181 | . 15 25 . . . 24 3 24 24 44 5 8 9 Haulers Intercepted . | . . . . . . . . . . . . . . Recyclers Shooed 2 | . . . . . . 1 . . . 1 . . . Parts Field Recycled . | . . . . . . . . . . . . . . Retrieved Matter . | . . . . . . . . . . . . . . Parts Self-Destructed . | . . . . . . . . . . . . . . Prevented . | . . . . . . . . . . . . . . Kills | -11 -10 -9 -9 -9 -8 -8 -7 -6 -5 -4 -3 -2 -2 ------- Run | Yrd Mat Mat Min Exi Min Mat Fac Fac Fac Fac Res Res Tes Combat Hostiles Destroyed 62 | . 5 8 . . . 5 3 6 9 13 3 3 7 Melee 1 | . . . . . . . . . . 1 . . . Guns 38 | . 5 8 . . . 5 1 4 3 4 3 3 2 Cannons 14 | . . . . . . . 2 2 6 3 . . 1 AOE 3 | . . . . . . . . . . 3 . . . Classes Destroyed 12 | . 3 1 . . . 2 . 2 1 2 . . 1 Worker 3 | . . . . . . . . . 2 1 . . . Builder 5 | . . . . . . . . . . 4 . . 1 Recycler 1 | . . . . . . 1 . . . . . . . Operator 1 | . . . . . . . . . . 1 . . . Watcher 9 | . 1 . . . . 3 . 1 2 2 . . . Swarmer 15 | . 2 2 . . . . . . 4 7 . . . Grunt 16 | . 3 3 . . . . 3 2 2 . 3 . . Brawler 1 | . . . . . . . . 1 . . . . . Researcher 1 | . . . . . . . . . . . . . 1 Sentry 11 | . . 3 . . . 3 . 2 . 2 . 1 . Hunter 12 | . . . . . . 2 . . 1 2 . . 7 Programmer 7 | . . . . . . . . 1 2 2 . 2 . Best Kill Streak 7 | . 2 3 . . . 2 2 4 7 5 3 2 6 Combat Bots Only 5 | . 2 3 . . . 2 2 3 4 4 3 2 5 Max Kills in Single Turn 4 | . 1 2 . . . 1 1 1 2 3 1 1 4 Gunslinging 1 | . . 1 . . . . . . . . . . . Exploded 2 | . . . . . . . . . . 2 . . . Melee 1 | . . . . . . . . . . 1 . . . Uniques/NPCs Destroyed . | . . . . . . . . . . . . . . Combat | -11 -10 -9 -9 -9 -8 -8 -7 -6 -5 -4 -3 -2 -2 -------- Run | Yrd Mat Mat Min Exi Min Mat Fac Fac Fac Fac Res Res Tes Hostile Shots Fired 626 | . 44 35 . . . 59 14 87 61 160 20 26 120 Missed 175 | . 18 6 . . . 17 2 35 25 39 6 11 16 Damage Taken 6515 | . 206 237 . . . 372 115 381 576 1680 169 218 2561 Core 2105 | . 24 37 . . . 69 9 42 33 315 30 33 1513 Absorbed by Shields 34 | . . . . . . . . . . . . . 34 Redirected to Shielding 366 | . 6 25 . . . 36 10 65 150 26 . 9 39 Ignored by Resistances 2897 | . 131 152 . . . 222 70 243 234 929 102 130 684 Core Remaining (%) 91 | 100 90 . . . 90 87 98 95 96 72 97 . . Volleys Fired 213 | . 21 23 . . . 37 11 22 14 53 6 7 19 Largest 5 | . 2 2 . . . 2 2 2 4 4 4 5 5 Hottest 381 | . 80 40 . . . 70 120 120 159 285 171 279 381 Shots Fired 460 | . 30 46 . . . 73 15 37 52 98 22 35 52 Gun 315 | . 30 46 . . . 73 8 31 13 33 16 28 37 Cannon 145 | . . . . . . . 7 6 39 65 6 7 15 Launcher . | . . . . . . . . . . . . . . Special . | . . . . . . . . . . . . . . Kinetic 302 | . 6 46 . . . 60 4 18 52 54 18 21 23 Thermal 45 | . . . . . . . 7 5 . 10 . 7 16 Explosive . | . . . . . . . . . . . . . . Electromagnetic 113 | . 24 . . . . 13 4 14 . 34 4 7 13 Robot Hit Streak 70 | . 10 37 . . . 19 26 70 11 30 9 15 23 Robot Miss Streak 4 | . 1 1 . . . 1 . 2 3 4 2 1 3 Penetration Max . | . . . . . . . . . . . . . . Secondary Targets 2 | . . 1 . . . . . 1 . . . . . Max Gunslinging Chain 1 | . . 1 . . . . . 1 . . . . . Shots Hit Robots 368 | . 27 41 . . . 57 12 33 36 84 17 20 41 Core Hits 238 | . 14 16 . . . 22 5 23 35 61 15 16 31 Critical Kills 1 | . . . . . . 1 . . . . . . . Critical Parts Destroyed 1 | . . . . . . . . . . . 1 . . Critical Strikes 16 | . . . . . . 1 . . 3 4 1 5 2 Burn 6 | . . . . . . . . . . . . 4 2 Destroy 2 | . . . . . . 1 . . . . 1 . . Blast 4 | . . . . . . . . . 3 . . 1 . Corrupt 4 | . . . . . . . . . . 4 . . . Melee Attacks 29 | . . . . . . 5 . . 18 6 . . . Impact . | . . . . . . . . . . . . . . Slashing . | . . . . . . . . . . . . . . Piercing 29 | . . . . . . 5 . . 18 6 . . . Sneak Attacks . | . . . . . . . . . . . . . . Combat Hostiles . | . . . . . . . . . . . . . . Follow-up Attacks . | . . . . . . . . . . . . . . Damage Inflicted 8080 | . 405 440 . . . 719 334 692 816 2193 394 676 1411 Guns 4286 | . 336 440 . . . 719 91 477 277 658 312 447 529 Cannons 2481 | . . . . . . . 243 215 470 842 82 229 400 Explosions 1139 | . 69 . . . . . . . 69 519 . . 482 Melee 174 | . . . . . . . . . . 174 . . . Ramming . | . . . . . . . . . . . . . . Kinetic 4351 | . 48 440 . . . 550 33 277 747 898 318 512 528 Thermal 2074 | . 69 . . . . . 243 183 . 712 . 138 729 Explosive . | . . . . . . . . . . . . . . Electromagnetic 1481 | . 288 . . . . 169 58 232 69 409 76 26 154 Impact . | . . . . . . . . . . . . . . Slashing . | . . . . . . . . . . . . . . Piercing 174 | . . . . . . . . . . 174 . . . Highest Corruption 7 | . . . . . . 1 . . 6 7 . . . Average Corruption 4 | . . . . . . 1 . . 3 4 . . . Corruption Purged . | . . . . . . . . . . . . . . Corruption Blocked 20 | . . . . . . . . . . . . . 20 Effects 22 | . . . . . . . . . 5 17 . . . Message Errors 5 | . . . . . . . . . 1 4 . . . Matter Fused 6 | . . . . . . . . . 1 5 . . . Heat Flow Errors 1 | . . . . . . . . . . 1 . . . Energy Discharges 3 | . . . . . . . . . 1 2 . . . Parts Fused 1 | . . . . . . . . . 1 . . . . Data Loss (minor) 2 | . . . . . . . . . . 2 . . . Data Loss (major) 1 | . . . . . . . . . . 1 . . . Alerts 2 | . . . . . . . . . . 2 . . . Weapon Failures 1 | . . . . . . . . . 1 . . . . Overload Shots . | . . . . . . . . . . . . . . Overflow Damage 80 | . . . . . . . . . 6 37 . 20 17 Projectiles 77 | . . . . . . . . . 6 37 . 20 14 Explosions 3 | . . . . . . . . . . . . . 3 Melee . | . . . . . . . . . . . . . . Knockbacks 22 | . . . . . . . . . 4 4 2 2 10 Impact . | . . . . . . . . . . . . . . Kinetic 19 | . . . . . . . . . 4 4 2 2 7 Secondary 3 | . . . . . . . . . . . . . 3 Self-Inflicted Damage 134 | . 21 . . . . . . . 15 75 . . 23 Shots 15 | . 1 . . . . . . . 2 9 . . 3 Rammed . | . . . . . . . . . . . . . . Targets Rammed . | . . . . . . . . . . . . . . Kicked . | . . . . . . . . . . . . . . Crushed . | . . . . . . . . . . . . . . Highest Temperature 713 | . 162 24 . . . . 75 110 . 635 352 581 713 Average Temperature 203 | . 71 8 . . . . 40 40 . 171 203 226 412 Received Heat Transfer 915 | . 78 168 . . . 90 108 219 . 126 72 54 . Effects 76 | . . . . . . . . . . 7 2 20 47 Shutdowns 26 | . . . . . . . . . . 2 1 7 16 Energy Bleed 4 | . . . . . . . . . . 2 . 1 1 Interference 15 | . . . . . . . . . . . . 1 14 Matter Decay 7 | . . . . . . . . . . 1 . 2 4 Short Circuit 4 | . . . . . . . . . . . . . 4 Damage (minor) 4 | . . . . . . . . . . 1 1 . 2 Damage (major) 9 | . . . . . . . . . . . . 9 . Damage (core) 7 | . . . . . . . . . . 1 . . 6 Siege Activations . | . . . . . . . . . . . . . . Robots Corrupted . | . . . . . . . . . . . . . . Combat Hostiles . | . . . . . . . . . . . . . . Parts Fried 2 | . . . . . . 1 . 1 . . . . . Impact Corruptions . | . . . . . . . . . . . . . . Robots Melted 7 | . . . . . . . . . . 3 . . 4 Combat Hostiles 6 | . . . . . . . . . . 2 . . 4 Parts Melted 34 | . . . . . . . . 1 . 13 . . 20 Heat Transferred 8880 | . 100 . . . . . 560 400 . 3440 . 750 3630 Parts Sabotaged . | . . . . . . . . . . . . . . Parts Stolen . | . . . . . . . . . . . . . . Parts Stripped . | . . . . . . . . . . . . . . Power Chain Reactions 1 | . 1 . . . . . . . . . . . . Alert | -11 -10 -9 -9 -9 -8 -8 -7 -6 -5 -4 -3 -2 -2 ------- Run | Yrd Mat Mat Min Exi Min Mat Fac Fac Fac Fac Res Res Tes Peak Influence 278 | . 155 265 72 . . 118 85 247 177 278 191 184 217 Initial 107 | . . . 72 . . . 7 30 . 30 107 80 73 Average 75 | . 62 95 72 . . 44 25 94 51 132 150 128 80 Maximum Alert Level 1 | . . 1 . . . . . 1 1 1 . . 1 Low Security (%) 93 | 100 100 74 100 . 100 100 100 81 99 78 100 100 98 Level 1 6 | . . 25 . . . . . 18 . 21 . . 1 Level 2 . | . . . . . . . . . . . . . . Level 3 . | . . . . . . . . . . . . . . Level 4 . | . . . . . . . . . . . . . . Level 5 . | . . . . . . . . . . . . . . High Security . | . . . . . . . . . . . . . . Max Security . | . . . . . . . . . . . . . . Squads Dispatched 12 | . . 2 . . . . 1 2 . 2 1 2 2 Investigation 1 | . . . . . . . 1 . . . . . . Extermination 3 | . . . . . . . . 1 . 1 . 1 . Reinforcement 7 | . . 2 . . . . . 1 . . 1 1 2 Assault . | . . . . . . . . . . . . . . Garrison 1 | . . . . . . . . . . 1 . . . Intercept . | . . . . . . . . . . . . . . Searches Triggered . | . . . . . . . . . . . . . . Construction Impeded 2 | . . . . . . . . . . . . 1 1 Haulers Reinforced . | . . . . . . . . . . . . . . Active Scanning Responses . | . . . . . . . . . . . . . . Cargo Convoy Interrupts . | . . . . . . . . . . . . . . Stealth | -11 -10 -9 -9 -9 -8 -8 -7 -6 -5 -4 -3 -2 -2 --------- Run | Yrd Mat Mat Min Exi Min Mat Fac Fac Fac Fac Res Res Tes Distress Signals 2 | . . 1 . . . . . 1 . . . . . Communications Jammed . | . . . . . . . . . . . . . . Distress Signals . | . . . . . . . . . . . . . . Times Spotted 89 | . 8 9 . . . 9 4 9 12 17 4 8 9 Peak Tracking Total 6 | . 2 3 . . . 2 3 3 3 5 3 4 6 Tactical Retreats 3 | . . . . . . . 1 . 1 1 . . . Traps | -11 -10 -9 -9 -9 -8 -8 -7 -6 -5 -4 -3 -2 -2 ------- Run | Yrd Mat Mat Min Exi Min Mat Fac Fac Fac Fac Res Res Tes Traps Triggered 6 | . 1 . . . . 1 1 . 1 2 . . . Indirectly . | . . . . . . . . . . . . . . Trap Hack Attempts . | . . . . . . . . . . . . . . Triggered . | . . . . . . . . . . . . . . Disarmed . | . . . . . . . . . . . . . . Reprogrammed . | . . . . . . . . . . . . . . Reused 1 | . . . . . . . . . 1 . . . . Traps Reconfigurated 14 | . . . . . . 4 1 . 3 6 . . . Traps Extracted . | . . . . . . . . . . . . . . Installed . | . . . . . . . . . . . . . . Triggered 1 | . . . . . . . . . 1 . . . . Machines | -11 -10 -9 -9 -9 -8 -8 -7 -6 -5 -4 -3 -2 -2 ---------- Run | Yrd Mat Mat Min Exi Min Mat Fac Fac Fac Fac Res Res Tes Machines Disabled 9 | . . . . . . 1 . . 5 1 1 . 1 Max in Single Turn 4 | . . . . . . 1 . . 4 1 1 . 1 Machines Repaired . | . . . . . . . . . . . . . . Machines Dismantled . | . . . . . . . . . . . . . . Machines Sabotaged . | . . . . . . . . . . . . . . Overloaded Fab Kills . | . . . . . . . . . . . . . . Hacking | -11 -10 -9 -9 -9 -8 -8 -7 -6 -5 -4 -3 -2 -2 --------- Run | Yrd Mat Mat Min Exi Min Mat Fac Fac Fac Fac Res Res Tes Machines Accessed 1 | . . . . 1 . . . . . . . . . Terminals . | . . . . . . . . . . . . . . Fabricators . | . . . . . . . . . . . . . . Repair Stations . | . . . . . . . . . . . . . . Recycling Units . | . . . . . . . . . . . . . . Scanalyzers . | . . . . . . . . . . . . . . Garrison Access . | . . . . . . . . . . . . . . Total Hacks 1 | . . . . 1 . . . . . . . . . Successful 1 | . . . . 1 . . . . . . . . . Failed . | . . . . . . . . . . . . . . Catastrophic . | . . . . . . . . . . . . . . Database Lockouts . | . . . . . . . . . . . . . . Manual 3 | . . . . 3 . . . . . . . . . Terminals . | . . . . . . . . . . . . . . Fabricators . | . . . . . . . . . . . . . . Repair Stations . | . . . . . . . . . . . . . . Recycling Units . | . . . . . . . . . . . . . . Scanalyzers . | . . . . . . . . . . . . . . Garrison Access . | . . . . . . . . . . . . . . Terminal Hacks 1 | . . . . 1 . . . . . . . . . Derelict Proto ID Bank 1 | . . . . 1 . . . . . . . . . Fabricator Hacks . | . . . . . . . . . . . . . . Repair Station Hacks . | . . . . . . . . . . . . . . Recycling Unit Hacks . | . . . . . . . . . . . . . . Scanalyzer . | . . . . . . . . . . . . . . Garrison Access Hacks . | . . . . . . . . . . . . . . Unauthorized Hacks . | . . . . . . . . . . . . . . Terminals . | . . . . . . . . . . . . . . Fabricators . | . . . . . . . . . . . . . . Repair Stations . | . . . . . . . . . . . . . . Recycling Units . | . . . . . . . . . . . . . . Scanalyzers . | . . . . . . . . . . . . . . Garrison Access . | . . . . . . . . . . . . . . Data Cores Recovered . | . . . . . . . . . . . . . . Used . | . . . . . . . . . . . . . . Hacking Detections . | . . . . . . . . . . . . . . Full Trace Events . | . . . . . . . . . . . . . . Feedback Events . | . . . . . . . . . . . . . . Feedback Blocked . | . . . . . . . . . . . . . . Robot Schematics Acquired . | . . . . . . . . . . . . . . Robots Built . | . . . . . . . . . . . . . . Authchips . | . . . . . . . . . . . . . . Time . | . . . . . . . . . . . . . . Total Robot Build Rating . | . . . . . . . . . . . . . . Part Schematics Acquired 4 | . . . . . . . . . . . . . 4 Parts Built . | . . . . . . . . . . . . . . Authchips . | . . . . . . . . . . . . . . Time . | . . . . . . . . . . . . . . Total Part Build Rating . | . . . . . . . . . . . . . . Parts Repaired . | . . . . . . . . . . . . . . Time . | . . . . . . . . . . . . . . Parts Recycled . | . . . . . . . . . . . . . . Recycled Matter . | . . . . . . . . . . . . . . Retrieved Matter . | . . . . . . . . . . . . . . Retrieved Components . | . . . . . . . . . . . . . . Parts Scanalyzed . | . . . . . . . . . . . . . . Part Schematics Acquired . | . . . . . . . . . . . . . . Parts Damaged . | . . . . . . . . . . . . . . Bothacking | -11 -10 -9 -9 -9 -8 -8 -7 -6 -5 -4 -3 -2 -2 ------------ Run | Yrd Mat Mat Min Exi Min Mat Fac Fac Fac Fac Res Res Tes Used RIF Installer . | . . . . . . . . . . . . . . Robots Hacked . | . . . . . . . . . . . . . . Non-combat . | . . . . . . . . . . . . . . Combat . | . . . . . . . . . . . . . . Robot Hacks Applied . | . . . . . . . . . . . . . . Relay Couplers Released . | . . . . . . . . . . . . . . Fabnet Peak Effective % . | . . . . . . . . . . . . . . Robots Rewired . | . . . . . . . . . . . . . . Allies Hacked . | . . . . . . . . . . . . . . Hacks Repelled . | . . . . . . . . . . . . . . Allies | -11 -10 -9 -9 -9 -8 -8 -7 -6 -5 -4 -3 -2 -2 -------- Run | Yrd Mat Mat Min Exi Min Mat Fac Fac Fac Fac Res Res Tes Total Allies . | . . . . . . . . . . . . . . Largest Group . | . . . . . . . . . . . . . . Highest-Rated Group . | . . . . . . . . . . . . . . Highest-Rated Ally . | . . . . . . . . . . . . . . Total Orders . | . . . . . . . . . . . . . . Ally Attacks . | . . . . . . . . . . . . . . Total Damage . | . . . . . . . . . . . . . . Kills . | . . . . . . . . . . . . . . Allies Corrupted . | . . . . . . . . . . . . . . Allies Melted . | . . . . . . . . . . . . . . Intel | -11 -10 -9 -9 -9 -8 -8 -7 -6 -5 -4 -3 -2 -2 ------- Run | Yrd Mat Mat Min Exi Min Mat Fac Fac Fac Fac Res Res Tes Robot Analysis Total . | . . . . . . . . . . . . . . Derelict Logs Recovered . | . . . . . . . . . . . . . . Drone Launches . | . . . . . . . . . . . . . . Drone Recoveries . | . . . . . . . . . . . . . . Exploration | -11 -10 -9 -9 -9 -8 -8 -7 -6 -5 -4 -3 -2 -2 ------------- Run | Yrd Mat Mat Min Exi Min Mat Fac Fac Fac Fac Res Res Tes Turns Passed 6151 | 53 442 258 101 944 88 946 678 526 542 756 193 375 249 Spaces Moved 3595 | 44 258 141 84 784 74 471 334 313 349 344 134 190 75 Core 19 | 18 . . . . . . . . . 1 . . . Treads . | . . . . . . . . . . . . . . Legs 3576 | 26 258 141 84 784 74 471 334 313 349 343 134 190 75 Wheels . | . . . . . . . . . . . . . . Hover . | . . . . . . . . . . . . . . Flight . | . . . . . . . . . . . . . . Fastest Speed 50 | 50 120 120 120 120 120 120 190 120 120 120 120 120 120 Average Speed 143 | 91 142 120 120 120 120 169 190 138 120 147 120 175 208 Slowest Speed 650 | 120 190 120 120 120 120 330 190 190 120 650 120 190 260 Overloaded Moves . | . . . . . . . . . . . . . . Propulsion Burnouts . | . . . . . . . . . . . . . . Robots Hopped . | . . . . . . . . . . . . . . Cave-ins Triggered 1 | . . . . . . . . . 1 . . . . Exploration Rate (%) 20 | 4 45 14 22 93 21 38 12 7 10 9 4 5 8 Regions Visited 13 Branch Regions 4 Pre-discovered Areas . | . . . . . . . . . . . . . . Known Exits Taken 13 | 1 1 1 1 1 1 1 1 1 1 1 1 1 . Unknown Exits Taken . | . . . . . . . . . . . . . . Scrap Searched . | . . . . . . . . . . . . . . Spaces Dug 22 | . . . . . . 4 . . 18 . . . . Terrain Destroyed 40 | . 3 . . . . 4 . . 19 10 . 2 2 Melee 22 | . . . . . . 4 . . 18 . . . . Projectile 15 | . . . . . . . . . 1 10 . 2 2 AOE 3 | . 3 . . . . . . . . . . . . Terrain Rammed . | . . . . . . . . . . . . . . Walls Destroyed . | . . . . . . . . . . . . . . Machines Disabled . | . . . . . . . . . . . . . . Actions | -11 -10 -9 -9 -9 -8 -8 -7 -6 -5 -4 -3 -2 -2 --------- Run | Yrd Mat Mat Min Exi Min Mat Fac Fac Fac Fac Res Res Tes Total 4183 | 57 304 188 84 787 73 548 364 372 412 501 151 211 131 Wait 151 | . 10 15 1 . . 10 12 23 13 48 . . 19 Move 3581 | 43 257 140 83 783 73 470 333 312 347 343 133 189 75 Hop . | . . . . . . . . . . . . . . Pick Up 85 | 7 11 6 . 3 . 11 2 7 7 19 5 7 . Fast Attach . | . . . . . . . . . . . . . . Attach 68 | 7 3 2 . . . 7 2 3 7 23 5 2 7 Detach 7 | . . . . . . 1 . . 1 4 . . 1 Swap 22 | . 1 1 . . . 4 2 2 2 5 1 4 . Drop 16 | . 1 1 . . . 3 2 3 2 . 1 2 1 Fire 213 | . 21 23 . . . 37 11 22 14 53 6 7 19 Melee 29 | . . . . . . 5 . . 18 6 . . . Ram . | . . . . . . . . . . . . . . Kick . | . . . . . . . . . . . . . . Crush . | . . . . . . . . . . . . . . Escape Stasis 10 | . . . . . . . . . 1 . . . 9 Rewire 1 | . . . . 1 . . . . . . . . . Trap . | . . . . . . . . . . . . . . Miscellaneous . | . . . . . . . . . . . . . . Route ------- -11/Scrapyard -10/Materials -9/Materials -9/Mines -9/Exiles (discovered 2 exits: *Min x2) -8/Mines -8/Materials -7/Factory -6/Factory (discovered 2 exits: *Fac / *Low) -5/Factory -4/Factory -3/Research (discovered 2 exits: *Res / *Qua) -2/Research (discovered 2 exits: *Acc / *Tes) -2/Testing History --------- Turn | Location | Event 7 | -11/Scrapyard | Identified exit to Materials 7 | -11/Scrapyard | Discovered exit to Materials (range 15) 54 | -11/Scrapyard | Entered Materials 54 | -10/Materials | Evolved 1 slot: Utility x1 304 | -10/Materials | Build established: Hacker-Mutant 391 | -10/Materials | Identified exit to Materials 391 | -10/Materials | Discovered exit to Materials (range 14) 496 | -10/Materials | Entered another Materials area 496 | -9/Materials | Evolved 2 slots: Propulsion x1, Utility x1 724 | -9/Materials | Met 8R-AWN 736 | -9/Materials | Identified exit to Mines 736 | -9/Materials | Discovered exit to Mines (range 15) 754 | -9/Materials | Entered Mines 755 | -9/Mines | Followed 8R-AWN into the Mines 791 | -9/Mines | Found a hidden stash of uninstalled traps 850 | -9/Mines | Identified exit to Exiles 850 | -9/Mines | Discovered exit to Exiles (range 5) 855 | -9/Mines | Entered Exiles 877 | -9/Exiles | Identified exit to Mines 877 | -9/Exiles | Discovered exit to Mines (range 15) 905 | -9/Exiles | Welcomed by 8R-AWN 929 | -9/Exiles | Met EX-HEX 996 | -9/Exiles | Met EX-DEC 1027 | -9/Exiles | Visited The Gauntlet 1206 | -9/Exiles | Discovered exit to Mines (range 14) 1320 | -9/Exiles | Met EX-BIN 1404 | -9/Exiles | Aligned with FarCom system 1405 | -9/Exiles | Given EX-Vault access code 1652 | -9/Exiles | Opened EX-Vault 1658 | -9/Exiles | Found Prototype Energy Cannon 1664 | -9/Exiles | Found Prototype Device 1667 | -9/Exiles | Found Prototype Energy Cannon 1672 | -9/Exiles | Identified Trap Reconfigurator 1672 | -9/Exiles | Identified Gui. Plasma Cannon 1672 | -9/Exiles | Identified Firepult 1708 | -9/Exiles | Warned to stay clear of 0b10 Research branches 1799 | -9/Exiles | Stole three prototypes: Gui. Plasma Cannon, Firepult, Trap Reconfigurator 1799 | -9/Exiles | Entered Mines 1879 | -8/Mines | Identified exit to Materials 1879 | -8/Mines | Discovered exit to Materials (range 6) 1887 | -8/Mines | Entered Materials 1887 | -8/Materials | Evolved 2 slots: Utility x2 2205 | -8/Materials | Lost 3 parts (1n1u1w) 2793 | -8/Materials | Identified exit to Factory 2793 | -8/Materials | Discovered exit to Factory (range 4) 2824 | -8/Materials | Build established: Scavenger-Mutant 2833 | -8/Materials | Entered Factory 2833 | -7/Factory | Evolved 2 slots: Utility x1, Weapon x1 2835 | -7/Factory | FarCom data flow suspended 3128 | -7/Factory | Build established: Hacker-Gunner 3487 | -7/Factory | Identified exit to Factory 3487 | -7/Factory | Discovered exit to Factory (range 15) 3511 | -7/Factory | Entered another Factory area 3511 | -6/Factory | Evolved 2 slots: Power x1, Propulsion x1 3810 | -6/Factory | Build established: Scavenger-Gunner 3838 | -6/Factory | Identified exit to Lower Caves 3838 | -6/Factory | Discovered exit to Lower Caves (range 12) 3991 | -6/Factory | Identified exit to Factory 3991 | -6/Factory | Discovered exit to Factory (range 10) 4037 | -6/Factory | Entered another Factory area 4037 | -5/Factory | Evolved 2 slots: Utility x1, Weapon x1 4231 | -5/Factory | Crushed by falling debris 4262 | -5/Factory | Lost 4 parts (3u1w) 4544 | -5/Factory | Identified exit to Factory 4544 | -5/Factory | Discovered exit to Factory (range 15) 4579 | -5/Factory | Entered another Factory area 4579 | -4/Factory | Evolved 2 slots: Utility x2 5020 | -4/Factory | Lost 12 parts (1p4n5u2w) 5098 | -4/Factory | Lost 3 parts (2p1u) 5290 | -4/Factory | Identified exit to Research 5290 | -4/Factory | Discovered exit to Research (range 15) 5321 | -4/Factory | Garrison activated, responded to threat 5335 | -4/Factory | Entered Research 5335 | -3/Research | Evolved 2 slots: Propulsion x1, Utility x1 5432 | -3/Research | Identified exit to Research 5432 | -3/Research | Discovered exit to Research (range 4) 5499 | -3/Research | Identified exit to Quarantine 5499 | -3/Research | Discovered exit to Quarantine (range 15) 5528 | -3/Research | Entered another Research area 5528 | -2/Research | Evolved 2 slots: Power x1, Weapon x1 5882 | -2/Research | Identified exit to Access 5882 | -2/Research | Discovered exit to Access (range 6) 5889 | -2/Research | Identified exit to Testing 5889 | -2/Research | Discovered exit to Testing (range 8) 5903 | -2/Research | Entered Testing 6015 | -2/Testing | Scanned by Researcher 6037 | -2/Testing | Core integrity fell below 50% 6094 | -2/Testing | Lost 6 parts (3n2u1w) 6150 | -2/Testing | Core integrity fell below 20% 6153 | -2/Testing | Core destroyed Last Messages --------------- 06148_ Lgt. Quantum Reactor melted. 06148_ Melted Hvy. Machine Gun. 06149_ Power failure, Lgt. Quantum Reactor shutdown. 06149_ Overheating: Matter decay (-60). 06149_ H-88 Terminator heat short circuits Adv. Targeting Computer. 06149_ H-88 Terminator critical meltdown. 06149_ Biometal Leg melted. 06149_ KE Penetrator melted. 06149_ Lgt. Quantum Reactor melted. 06150_ Power failure, Quantum Reactor shutdown. 06150_ Overheating: Core damaged (-275). 06150_ Slug penetrates Wall. 06151_ Power failure, Lgt. Quantum Reactor shutdown. 06151_ H-88 Terminator heat short circuits Biometal Leg. 06152_ Wall collapses. 06152_ Overheating: System interference. 06152_ Adv. Target Analyzer temporarily disabled. 06152_ Firepult temporarily disabled. 06152_ Linear Accelerator temporarily disabled. 06153_ Overheating: Core damaged (-261). Map ----- +----------------------------------------------------+ | ?????????????????????????????????????????????????? | | ?????????????????????????????????????????????????? | | ?????????????????????????????????????????????????? | | ?????????????????????????????????????????????????? | | ?????????????????????????????????????????????????? | | ?????????????????????????????????????????????????? | | ?????????????????????????????????????????????????? | | ?????????????????????????????????????????????????? | | ?????????????????????????????????????????????????? | | ?????????????????????????????????????????????????? | | ?????????????????????????????????????????????????? | | ?????????????????????????????????????????????????? | | ?????????????????????????????????????????????????? | | ?????????????????????????????????????????????????? | | ??? ????????? ?????????????????????????????? | | ??? ???? ???? #????????????????????????????? | | ??+ ???? ??? #????????????????????????????? | | ??# ???? ??? #????????????????????????????? | | ??# """"" "???" #????????????????????????????? | | ??# """"" """"" #????????????????##?#????????? | | ??# """"" """"" #??????????????? ????????? | | ??# ###""""##?????? ?????????? | | ??# """"" ##" "#????? ??????????? | | ??# """"" ##"" " #???? ????????????? | | ??# "" """"" ##" "#??? #?????????????? | | ??# """ ## @ #?? #?????????????? | | ### "F """"" ##; ###### #?????????????? | | """ """"" !h% % ^ #?????????????? | | "" """"" %% ^ #?????????????? | | ^^ +?????????????? | | ^ #?????????????? | | ############# ################+##+#?????????????? | | ????????????# #????????????? ???????????????? | | ????????????# #????????????? #?????????????? | | ????????????# "????????????? #?????????????? | | ????????????# "????????????? #?????????????? | | ????????????# "????????????? #?????????????? | | ????????????# T"?????????????? #?????????????? | | ????????????####?????????????? #?????????????? | | ?????????????????????????????? #?????????????? | | ??????????????????????????????######?????????????? | | ?????????????????????????????????????????????????? | | ?????????????????????????????????????????????????? | | ?????????????????????????????????????????????????? | | | | | | | | | | | | | +----------------------------------------------------+ Best States ------------- Heat Dissipation 99 Energy Generation 65 Energy Capacity 645 Matter Stores 366 Matter Capacity 400 Sight Range 16 Robot Scan Range 15 Terrain Scan Density 10 ECM Strength 1 Power Amplification 30 Additional Mass Support 6 Resistance: KI 35 Resistance: TH 35 Resistance: EX 35 Resistance: EM 35 Resistance: I 35 Resistance: S 35 Resistance: P 35 Power Shielding 66 Propulsion Shielding 33 Utility Shielding 33 Weapon Shielding 66 Point Defense Rating 160 Evasion (%) 56 Targeting Accuracy 8 Launcher Accuracy 40 Target Analysis 8 Offensive Hacking 20 Item Schematics ----------------- Exp. Force Field | -2/Testing | Archive Com. Particle Reactor | -2/Testing | Archive Hvy. Hardcell Cannon | -2/Testing | Archive Exp. Coolant Injector | -2/Testing | Archive Robot Schematics ------------------ None Fabricated ------------ Nothing Alien Tech Used ----------------- None Achievements -------------- Dangerous Findings Knowing Is Half The Battle Part-time Excavator Respectable Loadout Challenges ------------ None Game ------ Seed RocketConstructBeamcaster Manual? 0 Play Time 01:27:15 Cumulative 8.8 hours Start 2024.04.06 @ 16:08:12 End 2024.04.06 @ 17:44:11 Sessions 1 Manual Loads 0 Difficulty Explorer Special Mode None Game No. 5 Rogue 0 Adventurer 0 Explorer 5 Win Type - Total 0 Types 0/0/0/0/0/0/0/0/0 Lore% 6 Gallery% 13 Achievement% 13 Wizard Run 0 Options --------- Layout 0 ASCII 0 Keyboard 0 Movement Mouse Keybinds 0 Fullscreen 2 Font 36/Smallcaps Map View 76x50 Zoom Use 0% Tactical HUD 1 Map Filters NONE Filters NONE Steam 1 RUN: 7f36455d-328d-46e2-9c14-5d1690c63cc0